 Dungeon Crawl Stone Soup version 0.23-a0-54-gae6112e (webtiles) character file.

12 Amnesiac the Conjurer (level 2, -5/19 HPs)
             Began as a Mummy Conjurer on Aug 8, 2018.
             Slain by Grinder (8 damage)
             ... while paralysed by Grinder
             ... on level 5 of the Dungeon.
             The game lasted 00:01:42 (521 turns).

Amnesiac the Conjurer (Mummy Conjurer)               Turns: 521, Time: 00:01:43

Health: -5/19      AC:  2    Str: 11    XL:     2   Next: 20%
Magic:  2/6        EV:  2    Int: 14    God:
Gold:   67         SH:  0    Dex: 12    Spells: 4/7 levels left

rFire    x . .     SeeInvis .   d - +0 falchion
rCold    + . .     Gourm    .   (no shield)
rNeg     + + +     Faith    .   a - +0 robe
rPois    ∞         Spirit   .   (no helmet)
rElec    .         Reflect  .   (no cloak)
rCorr    .         Harm     .   (no gloves)
MR       .....                  (no boots)
Stlth    ++........             (no amulet)
HPRegen  0.06/turn              (no ring)
MPRegen  0.10/turn              (no ring)

@: paralysed
A: no food or potions, fire vulnerability, cold resistance 1, negative energy
resistance 3, torment resistance, unbreathing
a: no special abilities


You were on level 5 of the Dungeon.
You were not hungry.

You visited 1 branch of the dungeon, and saw 6 of its levels.

You collected 67 gold pieces.

Inventory:

Hand Weapons
 d - a +0 falchion (weapon)
Armour
 a - a +0 robe (worn)
 g - a +0 shield
Jewellery
 e - an uncursed ring of teleportation
Wands
 b - a wand of acid (7)
Scrolls
 c - a scroll of remove curse {!r}
 f - a scroll of fear {!r, unknown}


   Skills:
 - Level 1.5 Dodging
 - Level 1.5 Stealth
 + Level 3.3 Spellcasting
 * Level 3.5 Conjurations


You had 4 spell levels left.
You knew the following spells:

 Your Spells              Type           Power        Failure   Level  Hunger
a - Magic Dart            Conj           ##..         4%          1    N/A
d - Searing Ray           Conj           ##....       8%          2    N/A

Your spell library contained the following spells:

 Spells                   Type           Power        Failure   Level  Hunger
 Iskenderun's Mystic Bla  Conj           ##......     43%         4    N/A
 Fulminant Prism          Conj/Hex       #.........   69%         4    N/A
 Dazzling Spray           Conj/Hex       #.....       30%         3    N/A
 Force Lance              Conj/Tloc      #.......     69%         4    N/A

Dungeon Overview and Level Annotations

Branches:
Dungeon (6/15)
 Temple: D:4-7

Altars:
Qazlal

Annotations:
D:5 Grinder


Innate Abilities, Weirdness & Mutations

You do not eat or drink.
Your flesh is vulnerable to fire.
You are immune to poison.
Your flesh is cold resistant. (rC+)
You are immune to negative energy. (rN+++)
You are immune to unholy pain and torment.
You can survive without breathing.


Message History

Aim: Grinder The searing ray hits Grinder.
Grinder is lightly wounded. (Press . to maintain the ray.)
The searing ray hits Grinder.
Grinder is lightly wounded.
The searing ray hits Grinder.
Grinder is moderately wounded.
The searing ray hits Grinder.
Grinder is heavily wounded.
You finish channeling your searing ray.
Grinder gestures at you. You resist with significant effort.
Grinder says, "Wait up."
Grinder says, "My boss said I was rubbish.
His entrails said otherwise."
You see here a coppery potion {!q}.
Grinder gestures at you. You resist with significant effort.
Grinder gestures at you.
You suddenly lose the ability to move!
Grinder blinks!
Grinder gestures at you.
You shrug off the repeated paralysis!
You can move again.
Unknown command.
Casting: Searing Ray (safe; 8% risk of failure)
Confirm with . or Enter, or press ? or * to list all spells.
Aiming: Searing Ray (safe; 8% risk of failure)
Press: ? - help, Shift-Dir - straight line, f/p - Grinder
Aim: Grinder (moderately wounded)
You miscast Searing Ray.
You are very lightly contaminated with residual magic.
Your skin tingles.
Grinder gestures at you.
You suddenly lose the ability to move!
Your magical contamination has completely faded away.
Grinder blinks!
Grinder gestures at you. You resist with significant effort.
You can move again.
Unknown command.
Grinder blinks!
You start waiting.
Grinder is too close now for your liking.
Casting: Searing Ray (safe; 8% risk of failure)
Confirm with . or Enter, or press ? or * to list all spells.
Aiming: Searing Ray (safe; 8% risk of failure)
Press: ? - help, Shift-Dir - straight line, f/p - Grinder
Aim: Grinder (moderately wounded)
The searing ray hits Grinder.
Grinder is moderately wounded. (Press . to maintain the ray.)
The searing ray hits Grinder.
Grinder is heavily wounded.
The searing ray hits Grinder.
Grinder is heavily wounded.
The searing ray misses Grinder.
You finish channeling your searing ray.
Grinder hits you. Grinder gestures at you.
You suddenly lose the ability to move!
Grinder hits you! x2
* * * LOW HITPOINT WARNING * * *
Grinder hits you!
You die...

#.# #.# #########.# #.......#.#
################.#####.#.#
................@#####.#.########
.................5...............
>..........................!.....
######################.#.########
.%......[..#.#
############...%.... ###.##### .#
#


You could see Grinder.

Vanquished Creatures
  An adder (D:5)
  A giant cockroach (D:3)
  A goblin (D:2)
  A rat (D:1)
4 creatures vanquished.

Notes
Turn   | Place    | Note
-------+----------+-------------------------------------------
     0 | D:1      | Amnesiac the Mummy Conjurer began the quest for the Orb.
     0 | D:1      | Reached XP level 1. HP: 13/13 MP: 4/4
   155 | D:5      | Entered Level 5 of the Dungeon
   192 | D:5      | Found a stormy altar of Qazlal.
   196 | D:4      | Noticed an iguana
   301 | D:5      | Reached XP level 2. HP: 19/19 MP: 0/6
   305 | D:5      | Learned a level 2 spell: Searing Ray
   431 | D:5      | Noticed Grinder
   452 | D:5      | Paralysed by Grinder for 6 turns
   495 | D:5      | Paralysed by Grinder for 5 turns
   517 | D:5      | Paralysed by Grinder for 5 turns
   521 | D:5      | Slain by Grinder

Vault maps used:
D:1:      minmay_arrival_nine_rooms
D:2:      nicolae_overflow_quartered_altars, first_ration,
          uniq_crazy_yiuf_cottage
D:3:      uniq_natasha, uniq_robin
D:4:      hangedman_abyss_or_decor_lesser_grid
D:5:      serial_shops, kennysheep_little_box, grunt_qazlal_clouds, uniq_grinder
D:6:      serial_shops, shop_statue

Skill      XL: |  1 |
---------------+----+-----
Spellcasting   | 3 |  3.3
Dodging        | |  1.5
Stealth        | |  1.5
Conjurations   | |  3.5

Action                   || total
-------------------------++-------
 Cast: Magic Dart        ||    10
       Searing Ray       ||     2
  Use: Scroll            ||     3
Dodge: Dodged            ||     1

Table legend:
 A = Spawn XP
 B = Non-spawn XP
 C = Spawn XP percentage of total XP
 D = Spawn monster count
 E = Non-spawn monster count
 F = Spawn count percentage of total count
 G = Total turns spent on level
                    A         B        C        D         E        F      G
               +---------+---------+-------+---------+---------+-------+---------
         Total |       0 |      18 |   0.0 |       0 |       4 |   0.0 |   521
               +---------+---------+-------+---------+---------+-------+---------
           D:1 |       0 |       1 |   0.0 |       0 |       1 |   0.0 |    66
           D:2 |       0 |       2 |   0.0 |       0 |       1 |   0.0 |    22
           D:3 |       0 |       2 |   0.0 |       0 |       1 |   0.0 |    33
           D:5 |       0 |      13 |   0.0 |       0 |       1 |   0.0 |   303
               +---------+---------+-------+---------+---------+-------+---------
